 Dungeon Crawl Stone Soup version 0.16.1-14-g82efdee (webtiles) character file.

78 hulla the Changer (level 4, -2/28 HPs)
             Began as an Octopode Transmuter on Apr 13, 2015.
             Slain by Robin
             ... wielding a +0 spear
              (4 damage)
             ... on level 2 of the Dungeon.
             The game lasted 00:07:10 (2199 turns).

hulla the Changer (Octopode Transmuter)             Turns: 2199, Time: 00:07:10

Health: -2/28      AC:  2    Str:  9    XL:     4   Next: 36%
Magic:  4/7        EV: 19    Int: 16    God:
Gold:   84         SH:  0    Dex: 17    Spells: 3 memorised, 1 level left

rFire  . . .     SeeInvis .       - Unarmed
rCold  . . .     Clarity  .     (shield currently unavailable)
rNeg   . . .     SustAb   .     (helmet currently unavailable)
rPois  .         Gourm    .     (no amulet)
rElec  .         Spirit   .     j - ring of poison resistance
rCorr  .         Warding  .     (no ring)
rMut   .         Stasis   .     (no ring)
MR     .....                    (no ring)
Stlth  ++........               (no ring)
                                (no ring)
                                (no ring)
                                (no ring)

@: spider-form, not resistant to hostile enchantments, unstealthy
A: almost no armour, amphibious, 8 rings, (constrict 8), (camouflage 0),
(gelatinous body 0)
a: End Transformation


You were on level 2 of the Dungeon.
You were not hungry.
You were a venomous arachnid creature.
You visited 1 branch of the dungeon, and saw 2 of its levels.

You collected 84 gold pieces.

Inventory:

Hand weapons
 a - a +0 hunting sling
Missiles
 b - 28 arrows
 i - 38 stones (quivered)
 m - 19 sling bullets of flame
 o - 19 poisoned needles
 p - 17 arrows of frost
Jewellery
 j - a ring of poison resistance (left front leg)
Magical devices
 r - a wand of confusion (31)
Scrolls
 c - a scroll of noise {unknown}
 g - a scroll of fog
 l - a scroll of magic mapping {unknown}
Potions
 e - a potion of cancellation
Books
 d - a book of Changes

   Spells                             Type                      Level
   a - Beastly Appendage              Transmutation                1
   b - Sticks to Snakes               Transmutation                2
   c - Spider Form                    Transmutation/Poison         3
   d - Ice Form                       Ice/Transmutation            4
   e - Blade Hands                    Transmutation                5
Comestibles
 h - a slice of pizza
 k - a bread ration
 n - a meat ration


   Skills:
 - Level 1.0 Fighting
 - Level 2.0 Dodging
 - Level 3.0 Unarmed Combat
 - Level 2.0 Spellcasting
 + Level 4.0 Transmutations
 + Level 2.0 Poison Magic


You had one spell level left.
You knew the following spells:

 Your Spells              Type           Power        Failure   Level  Hunger
a - Beastly Appendage     Trmt           ##....       14%         1    #......
b - Spider Form           Trmt/Pois      ##........   36%         3    ###....
c - Sticks to Snakes      Trmt           ##........   21%         2    ###....


Dungeon Overview and Level Annotations

Branches:
Dungeon (2/15)

Altars:

Annotations:
D:2 Robin


Innate Abilities, Weirdness & Mutations

You cannot wear most types of armour.
You are amphibious.
You can wear up to eight rings at the same time.
((You can use your tentacles to constrict many enemies at once.))
((Your skin changes colour to match your surroundings (Stealth).))
((Your rubbery body absorbs attacks (AC +1).))


Message History

You hit the hobgoblin but do no damage.
The hobgoblin is poisoned.
Robin misses you. The goblin misses you. The goblin closely misses you.
You bite the hobgoblin!
You kill the hobgoblin!
Your Poison Magic skill increases to level 2!
Robin barely misses you. The goblin misses you. The goblin misses you.
Robin roars a battlecry!
The goblins go into a battle-frenzy!
Robin misses you.
You see here a club.
You barely miss Robin. Robin completely misses you.
The goblin hits you with a dagger.
* * * LOW HITPOINT WARNING * * *
You hit Robin but do no damage.
Robin is poisoned.
Robin barely misses you. The goblin hits you with a dagger.
* * * LOW HITPOINT WARNING * * *
You hit Robin but do no damage.
Robin looks even sicker.
Robin is lightly wounded.
The goblin completely misses you. Robin hits you with a spear.
You die...

#...###.##......# #............
#...# #.##......# #............
##'## #.##......# #............
#.####.##......# #............
#.##...........# #............
#.##...........# #............
#.##...........# #............
#............gg#####............
#######[..######s§...)...........
....# #...# #g§...............
###.# #...# #..§..............
#.######### #.....#######.....
#.##......# ###...# #.........
###.##.....## ##### #..[......
#...##.....# #.........
#...'.....[# +.........
#...##...[.# #....####.


You could see Robin and 2 goblins.

Vanquished Creatures
  An adder (D:2)
  5 giant geckos
  7 bats
  2 giant cockroaches
  8 goblins
  13 hobgoblins
  8 jackals
  4 kobolds
  A giant newt (D:1)
  6 rats
55 creatures vanquished.

Notes
Turn   | Place    | Note
--------------------------------------------------------------
     0 | D:1      | hulla, the Octopode Transmuter, began the quest for the Orb.
     0 | D:1      | Reached XP level 1. HP: 13/13 MP: 3/3
    85 | D:1      | Reached XP level 2. HP: 13/18 MP: 4/4
   490 | D:1      | Reached XP level 3. HP: 17/23 MP: 6/6
   500 | D:1      | Learned a level 3 spell: Spider Form
   503 | D:1      | Learned a level 2 spell: Sticks to Snakes
  1209 | D:2      | Reached skill level 1 in Poison Magic
  1788 | D:2      | Noticed Robin
  1799 | D:2      | Reached XP level 4. HP: 23/28 MP: 3/7
  2181 | D:2      | Reached skill level 4 in Transmutations
  2199 | D:2      | Slain by Robin

Action                   |  1- 3 |  4- 6 || total
-------------------------+-------+-------++-------
Melee: Unarmed           |   110 |    29 ||   139
 Fire: Hunting sling     |     6 |       ||     6
Throw: Stone             |     3 |       ||     3
 Cast: Beastly Appendage |    15 |       ||    15
       Spider Form       |     1 |     2 ||     3
  Use: Potion            |     4 |     3 ||     7
       Scroll            |       |     1 ||     1
 Stab: Sleeping          |     2 |       ||     2
  Eat: Chunk             |     3 |     2 ||     5
